 Dungeon Sprint DCSS version 0.16-a0-3803-gd4b2de5 (webtiles) character file.

374 PolkaDot the Martial Artist (level 6, -17/62 HPs)
             Began as a Draconian Monk on Jan 26, 2015.
             Killed from afar by Lom Lobon (71 damage)
             ... with a great icy blast
             ... in the Dungeon (Sprint I: "Red Sonja").
             The game lasted 00:01:52 (1081 turns).

PolkaDot the Martial Artist (Draconian Monk)        Turns: 1081, Time: 00:01:53

Health: -17/62     AC:  6    Str: 13    XL:     6   Next: 43%
Magic:  6/6        EV: 15    Int: 13    God:
Gold:   336        SH:  0    Dex: 13    Spells: 0 memorised, 5 levels left

rFire  . . .     SeeInvis .       - Unarmed
rCold  . . .     Clarity  .     (armour unavailable)
rNeg   . . .     SustAb   .     (no shield)
rPois  .         Gourm    .     (helmet restricted)
rElec  .         Spirit   .     (no cloak)
rCorr  .         Warding  .     (no gloves)
rMut   .         NoTele   +     (no boots)
MR     .....                    (no amulet)
Stlth  ++........               (no ring)
                                (no ring)

@: not resistant to hostile enchantments, unstealthy
A: unfitting armour, cold-blooded, AC +6
a: no special abilities


You were in the Dungeon.
You were very hungry.

You visited 1 branch You collected 336 gold pieces.

Inventory:

Magical devices
 a - a wand of magic darts (22)
Scrolls
 h - a scroll of blinking
Potions
 c - a potion of curing
 d - a potion of restore abilities {unknown}
 f - 2 potions of magic
Comestibles
 b - a bread ration
 g - a meat ration


   Skills:
 + Level 8.3 Fighting
 + Level 6.8 Dodging
 - Level 1.7 Stealth
 * Level 10.6 Unarmed Combat


You had 5 spell levels left.
You didn't know any spells.

Dungeon Overview and Level Annotations

Branches:
Dungeon (1/1)

Altars:
Cheibriados
Dithmenos
Elyvilon
Fedhas
Gozag
Kikubaaqudgha
Makhleb
Nemelex Xobeh
Okawaru
Qazlal
Ru
Sif Muna
Vehumet
Xom
Yredelemnul
Zin
The Shining One
Jiyva

Shops:
D ?

Annotations:
D Lom Lobon


Innate Abilities, Weirdness & Mutations

Your plain brown scales are hard (AC +6).
Your body does not fit into most forms of armour.
Your cold-blooded metabolism reacts poorly to cold.


Message History

There is an open door here.
You open the door.
A yak comes into view.
Found Laorph's Magic Scroll Emporium.
Lom Lobon, Demon Lord of Forbidden Knowledge comes into view.
Lom Lobon screams, "I shall devour thy head!"
The yak gores you!
Lom Lobon screams, "Embrace thy failure, thou fobbing swag-bellied clack-dish!"
Lom Lobon gestures.
A great vortex of raging winds appears around Lom Lobon!
There is an open door, spattered with blood here.
Press: ? - help, v - describe, . - travel The floor.
You hit the yak. You tail-slap the yak.
The yak is lightly wounded.
Lom Lobon gestures at you.
Lom Lobon conjures a mighty blast of ice!
The great icy blast engulfs you!
Ouch! That really hurt!
You die...

###################
#<.#..'..#.)'..#__#
#..'..#.)'..#..'..+
#..#####'#####'#__#
#..# #..#...#.####
#..#__####..##.#
#..#_..§§##'#..+
#⌠⌠#_§§§Y§@..._#
####_.§§&##_.#'#
#__§§ ##+#.# ####
###


You could see Lom Lobon and a yak.

Vanquished Creatures
  A slime creature (D)
  An ogre (D)
  Sigmund (D)
  A jelly (D)
  Ijyb (D)
5 creatures vanquished.

Vanquished Creatures (others)
  A deep elf master archer (D)
  A gargoyle (D)
2 creatures vanquished.

Grand Total: 7 creatures vanquished

Notes
Turn   | Place    | Note
--------------------------------------------------------------
     0 | D        | PolkaDot, the Draconian Monk, began the quest for the Orb.
     0 | D        | Reached XP level 1. HP: 19/19 MP: 1/1
     2 | D        | Noticed Ijyb
    27 | D        | Killed Ijyb
    27 | D        | Reached skill level 5 in Unarmed Combat
    27 | D        | Reached XP level 2. HP: 5/28 MP: 2/2
   276 | D        | Noticed an ogre
   283 | D        | Killed an ogre
   283 | D        | Reached skill level 5 in Fighting
   283 | D        | Reached skill level 7 in Unarmed Combat
   283 | D        | Reached XP level 3. HP: 9/37 MP: 3/3
   283 | D        | Reached XP level 4. HP: 10/44 MP: 4/4
   536 | D        | Noticed Sigmund
   559 | D        | Killed Sigmund
   559 | D        | Reached skill level 5 in Dodging
   559 | D        | Reached skill level 8 in Unarmed Combat
   559 | D        | Reached XP level 5. HP: 11/51 MP: 5/5
   567 | D        | Found a deep blue altar of Sif Muna.
   699 | D        | Killed a gargoyle
   766 | D        | Killed a deep elf master archer
   821 | D        | Noticed a jelly
   822 | D        | Found a radiant altar of Vehumet.
   825 | D        | Killed a jelly
   825 | D        | Reached skill level 9 in Unarmed Combat
   965 | D        | Found a snail-covered altar of Cheibriados.
   965 | D        | Found a viscous altar of Jiyva.
   965 | D        | Found a shadowy altar of Dithmenos.
   965 | D        | Found a blossoming altar of Fedhas.
   965 | D        | Noticed a slime creature
   975 | D        | Killed a slime creature
   975 | D        | Reached skill level 10 in Unarmed Combat
   975 | D        | Reached XP level 6. HP: 42/62 MP: 6/6
  1079 | D        | Found Laorph's Magic Scroll Emporium.
  1079 | D        | Found a white marble altar of Elyvilon.
  1079 | D        | Found a stormy altar of Qazlal.
  1079 | D        | Found a burning altar of Makhleb.
  1079 | D        | Found a sacrificial altar of Ru.
  1079 | D        | Found a basalt altar of Yredelemnul.
  1079 | D        | Found a glowing golden altar of the Shining One.
  1079 | D        | Found a sparkling altar of Nemelex Xobeh.
  1079 | D        | Found a shimmering altar of Xom.
  1079 | D        | Found an opulent altar of Gozag.
  1079 | D        | Found an ancient bone altar of Kikubaaqudgha.
  1079 | D        | Found a glowing silver altar of Zin.
  1079 | D        | Noticed a yak
  1080 | D        | Noticed Lom Lobon
  1080 | D        | Found an iron altar of Okawaru.
  1081 | D        | Killed from afar by Lom Lobon

Action                   |  1- 3 |  4- 6 || total
-------------------------+-------+-------++-------
Melee: Unarmed           |    29 |    31 ||    60
  Use: Potion            |       |     3 ||     3
